 Dungeon Crawl Stone Soup version 0.24.0-123-gd5b16e6ec5 (webtiles) character file.

Game seed: 14367506236053762362, levelgen mode: deterministic

2943 vurker the Gusty (level 9, -1/40 HPs)
             Began as a Felid Air Elementalist on Jan 31, 2020.
             Was a Believer of Vehumet.
             Hit by a large rock thrown by a cyclops (41 damage)
             ... on level 8 of the Dungeon.
             The game lasted 00:21:32 (15177 turns).

vurker the Gusty (Felid Air Elementalist)          Turns: 15177, Time: 00:21:32

Health: -1/40      AC:  2    Str:  4    XL:     9   Next: 51%
Magic:  16/20      EV: 19    Int: 19    God:    Vehumet [**....]
Gold:   491        SH:  0    Dex: 17    Spells: 12/22 levels left
                                        Lives:  0   Deaths: 2

rFire    + . .     SeeInvis +   (weapon unavailable)
rCold    + . .     Gourm    .   (shield unavailable)
rNeg     . . .     Faith    .   (armour unavailable)
rPois    .         Spirit   .   (helmet unavailable)
rElec    .         Reflect  .   (cloak unavailable)
rCorr    .         Harm     .   (gloves unavailable)
MR       +....                  (boots unavailable)
Stlth    +++.......             (no amulet)
HPRegen  0.13/turn              q - ring of protection from cold
MPRegen  0.17/turn              s - ring of protection from fire

@: quick
A: very small, no armour, no weapons or thrown items, stealth, claws 1, fangs 3,
see invisible, carnivore, speed 1, shaggy fur 2, slow metabolism 1, sharp paws
a: Renounce Religion


You were on level 8 of the Dungeon.
You worshipped Vehumet.
Vehumet was pleased with you.
You were very full.

You visited 2 branches of the dungeon, and saw 9 of its levels.

You collected 491 gold pieces.

Inventory:

Jewellery
 q - a ring of protection from cold (left paw)
   (You found it on level 3 of the Dungeon)
 s - a ring of protection from fire (right paw)
   (You found it on level 4 of the Dungeon)
Wands
 d - a wand of iceblast (5)
   (You found it on level 8 of the Dungeon)
 k - a wand of polymorph (6)
   (You found it on level 2 of the Dungeon)
 t - a wand of flame (6)
   (You found it on level 5 of the Dungeon)
 u - a wand of paralysis (6)
   (You took it off Maurice on level 8 of the Dungeon)
Scrolls
 a - a scroll of identify
 c - a scroll of enchant weapon {unknown}
 m - 2 scrolls of teleportation
 r - a scroll of magic mapping {unknown}
 w - a scroll of vulnerability {unknown}
 x - a scroll of remove curse
 y - a scroll of random uselessness {unknown}
 A - a scroll of immolation
Potions
 b - a potion of ambrosia
 f - 2 potions of lignification
 g - 3 potions of heal wounds
 h - a potion of invisibility {unknown}
 i - a potion of resistance
 j - 2 potions of curing
 l - 5 potions of might
 n - 2 potions of brilliance {unknown}
 o - a potion of berserk rage
 v - a potion of cancellation {unknown}
 z - 2 potions of flight
Comestibles
 e - 11 rations


   Skills:
 + Level 5.2 Fighting
 + Level 3.9 Dodging
 + Level 4.1 Stealth
 * Level 7.3 Spellcasting
 * Level 7.0 Conjurations
 * Level 7.5 Air Magic
 + Level 2.1 Evocations


You had 12 spell levels left.
You knew the following spells:

 Your Spells              Type           Power        Failure   Level  Hunger
a - Shock                 Conj/Air       ####         1%          1    None
b - Lightning Bolt        Conj/Air       ####......   14%         5    #####..
c - Airstrike             Air            #####.....   4%          4    ###....

Your spell library contained the following spells:

 Spells                   Type           Power        Failure   Level  Hunger
 Throw Frost              Conj/Ice       ###...       3%          2    None
 Magic Dart               Conj           ####         1%          1    None
 Searing Ray              Conj           ####..       1%          2    None
 Static Discharge         Conj/Air       ####....     1%          3    #......
 Swiftness                Chrm/Air       ###.....     3%          2    None
 Iskenderun's Mystic Bla  Conj           ####....     5%          4    ###....
 Dazzling Spray           Conj/Hex       ###...       7%          3    #......
 Summon Small Mammal      Summ           #...         10%         1    None
 Call Imp                 Summ           #.......     16%         2    None
 Summon Lightning Spire   Summ/Air       ###.....     21%         4    ###....
 Force Lance              Conj/Tloc      ###.....     22%         4    ###....
 Fulminant Prism          Conj/Hex       ###.......   22%         4    ###....
 Call Canine Familiar     Summ           #.......     30%         3    #......
 Summon Guardian Golem    Hex/Summ       #.......     30%         3    #......
 Summon Ice Beast         Ice/Summ       #.......     69%         4    ###....


Dungeon Overview and Level Annotations

Branches:
Dungeon (8/15)             Temple (1/1) D:5
   Lair: D:8-11

Altars:
Ashenzari
Cheibriados
Dithmenos
Elyvilon
Fedhas
Gozag
Hepliaklqana
Kikubaaqudgha
Makhleb
Nemelex Xobeh
Okawaru
Qazlal
Ru
Sif Muna
Trog
Uskayaw
Vehumet
Wu Jian
Xom
Yredelemnul
Zin
The Shining One

Shops:
D:5 %

Annotations:
D:4 2 transporters
D:6 2 transporters, L3W1S007's ghost, novice GnSk
D:8 3 runed translucent doors, pedritolo's ghost, novice HuAE


Innate Abilities, Weirdness & Mutations

You cannot wear armour.
You are incapable of wielding weapons or throwing items.
Your paws allow you to move quietly. (Stealth)
You have sharp claws.
You have razor-sharp teeth.
You have supernaturally acute eyesight. (SInv)
You are carnivorous and can eat meat at any time.
You cover ground quickly.
You are covered in thick fur. (AC +2)
You have a slow metabolism.
Your sharp claws are effective at attacking unaware monsters.


Message History

You now have 491 gold pieces (gained 14).
Things that are here:
a +0 short sword; a +0 cloak
Found 17 arrows.
Found a scroll of immolation.
Found a stone staircase leading down.
An adder comes into view.
An adder is nearby!
Aim: an adder (resting)
The air twists around and strikes the adder!
You kill the adder!
Vehumet accepts your kill.
A - a scroll of immolation
Okay, then.
Found a robe.
Found 24 stones.
You see here 24 stones.
Found a stone staircase leading down.
There is a stone staircase leading down here.
Found an escape hatch in the floor.
Found 23 gold pieces and a leather armour.
Pedritolo's ghost turns its malevolent gaze towards you.
Found a scroll of identify.
a - 2 scrolls of identify (gained 1)
You see here a hand crossbow.
As you read the scroll of identify, it crumbles to dust.
p - a potion of degeneration Drop what? 27/52 slots (_ for help) (? for menu, Esc to quit)
You drop a potion of degeneration.
Found a silvery potion.
n - 2 silvery potions (gained 1)
Found 23 stones.
There is a stone staircase leading up here.
Partly explored, can't reach some items.
Partly explored, can't reach some items.
Partly explored, can't reach some items.
Partly explored, can't reach some items.
Partly explored, can't reach some items.
Partly explored, can't reach some items.
Level map cleared.
There is an escape hatch in the ceiling here.
There is a stone staircase leading down here.
There is a stone staircase leading down here.
The cyclops is too close now for your liking.
Aim: a cyclops (hasn't noticed you)
The air twists around and strikes the cyclops!
The cyclops shouts!
The cyclops throws a large rock.
The large rock hits you!!!
Ouch! That really hurt!
You die...

**,,,,(,,,,**** *******#.......
**,,,,,,....C..##*,,**,*#.......
*,,,,,,,........#,**,,*,#....>..
*,,,,,<,........#,***.#,#.......
*,,,,,,,........#***#.,*#.).....
*,,,,,,,........#*,#.**,#.......
**,,,,,,........#(#.#**!#.......
*,,,,,,........###.#####.......
*,,,,,,.......@##.)...##.......
**,,,,,....(.......##..........
*,,,,,............###^........
**,,,,...).......###..##......
*,,,,...............#########
**,,,..............##
*,,,.......♣.....##
**,,..........♣...#
*,,,........♣♣...#


You could see a cyclops.

Vanquished Creatures
  Maurice (D:8)
  Grinder (D:6)
  Prince Ribbit (D:8)
  A wraith (D:8)
  Eustachio (D:6)
  Menkaure (D:4)
  A hornet zombie (D:8)
  3 orc warriors
  An ice beast (D:5)
  A phantom (D:6)
  A sky beast (D:6)
  A necrophage (D:8)
  6 ogres
  2 centaurs (D:7)
  A big kobold (D:8)
  4 bullfrogs
  4 killer bees (D:8)
  A scorpion (D:6)
  2 crimson imps
  4 howler monkeys
  6 hounds
  2 jellies (D:3)
  2 bullfrog zombies
  5 orc priests
  A bullfrog skeleton (D:4)
  A centaur skeleton (D:8)
  An iguana (D:6)
  Ijyb (D:3)
  Natasha (thrice) (D:3)
  4 orc wizards
  4 worker ants
  3 gnolls (D:4)
  13 adders
  2 shadow imps
  10 oozes
  2 adder zombies (D:6)
  2 adder skeletons (D:4)
  A worm (D:2)
  2 dart slugs
  7 leopard geckos
  22 orcs
  2 ball pythons
  7 giant cockroaches
  7 goblins
  4 hobgoblins
  10 jackals
  2 quokkas
  6 bats
  6 frilled lizards
  13 kobolds
  3 rats
192 creatures vanquished.

Vanquished Creatures (others)
  9 toadstools (D:3)
9 creatures vanquished.

Grand Total: 201 creatures vanquished

Notes
Turn   | Place    | Note
-------+----------+-------------------------------------------
     0 | D:1      | vurker the Felid Air Elementalist began the quest for the
                  | Orb.
     0 | D:1      | Reached XP level 1. HP: 7/7 MP: 4/4
    18 | D:1      | Noticed a killer bee
    18 | D:1      | Noticed a black mamba
    18 | D:1      | Noticed a polar bear
    18 | D:1      | Noticed a swamp worm
    18 | D:1      | Noticed a komodo dragon
    66 | D:1      | Reached skill level 1 in Conjurations
   378 | D:1      | Reached XP level 2. HP: 12/12 MP: 4/6
  1463 | D:2      | Reached XP level 3. HP: 15/15 MP: 2/7
  1880 | D:2      | Found a hazy altar of Hepliaklqana.
  1925 | D:2      | Found a sparkling altar of Nemelex Xobeh.
  1928 | D:2      | Found an opulent altar of Gozag.
  1931 | D:2      | Reached skill level 1 in Fighting
  1931 | D:2      | Reached XP level 4. HP: 19/19 MP: 4/9
  1984 | D:2      | Found a shadowy altar of Dithmenos.
  2257 | D:3      | Noticed Natasha
  2263 | D:3      | Killed Natasha
  2729 | D:3      | Noticed Ijyb
  2812 | D:3      | Noticed Natasha
  3124 | D:3      | Reached XP level 5. HP: 22/22 MP: 8/10
  3881 | D:3      | Killed Natasha
  3881 | D:3      | Gained mutation: You are covered in thick fur. (AC +2)
                  | [Felid growth]
  3881 | D:3      | Reached XP level 6. HP: 26/26 MP: 4/12
  4428 | D:3      | Noticed Natasha
  4440 | D:3      | Killed Natasha
  4967 | D:3      | Killed Ijyb
  5101 | D:4      | Learned a level 5 spell: Lightning Bolt
  5106 | D:4      | Learned a level 4 spell: Airstrike
  5586 | D:4      | Found a transporter.
  5596 | D:4      | Noticed Menkaure
  5620 | D:4      | Mangled by Menkaure
  5621 | D:4      | Reached XP level 5. HP: -9/22 MP: 7/11
  5715 | D:4      | Killed Menkaure
  5715 | D:4      | Reached XP level 6. HP: 27/27 MP: 5/13
  5925 | D:4      | Noticed a two-headed ogre
  5932 | D:4      | Found a shattered altar of Ashenzari.
  5942 | D:4      | Found a transporter.
  6242 | D:5      | Entered Level 5 of the Dungeon
  6242 | D:5      | Found a staircase to the Ecumenical Temple.
  6262 | Temple   | Entered the Ecumenical Temple
  6365 | Temple   | Became a worshipper of Vehumet
  6466 | D:5      | Noticed an ice beast
  6790 | D:5      | Killed an ice beast
  6790 | D:5      | Reached XP level 7. HP: 30/30 MP: 1/14
  7245 | D:5      | Found Uzoqulurph's Food Boutique.
  7287 | D:5      | Found a stormy altar of Qazlal.
  7289 | D:5      | Noticed an air elemental
  7289 | D:5      | Noticed a water elemental
  7290 | D:5      | Noticed a fire elemental
  7322 | D:5      | Reached skill level 5 in Air Magic
  8600 | D:6      | Reached skill level 5 in Spellcasting
  8613 | D:6      | Reached XP level 8. HP: 23/34 MP: 0/16
  8809 | D:6      | Reached skill level 5 in Conjurations
  8913 | D:6      | Reached * piety under Vehumet
  8913 | D:6      | Offered knowledge of Freeze by Vehumet.
  8913 | D:6      | Noticed Grinder
  9228 | D:6      | Paralysed by Grinder for 3 turns
  9234 | D:6      | Killed Grinder
  9597 | D:6      | Noticed Eustachio
  9710 | D:6      | Killed Eustachio
 10365 | D:6      | Found a transporter.
 10366 | D:6      | Noticed L3W1S007's ghost (novice GnSk)
 10400 | D:6      | Found a transporter.
 10416 | D:6      | Reached XP level 9. HP: 39/39 MP: 7/19
 11084 | D:6      | Offered knowledge of Throw Frost by Vehumet.
 11691 | D:7      | Reached ** piety under Vehumet
 12375 | D:7      | Killed from afar by an orc wizard
 12376 | D:7      | Reached XP level 8. HP: 0/36 MP: 3/19
 12833 | D:7      | Reached skill level 1 in Evocations
 13373 | D:8      | Reached skill level 5 in Fighting
 13375 | D:8      | Reached XP level 9. HP: 15/40 MP: 1/20
 13478 | D:8      | Noticed a cyclops
 13985 | D:8      | Noticed Prince Ribbit
 13989 | D:8      | Killed Prince Ribbit
 14234 | D:8      | Noticed Maurice
 14532 | D:8      | Killed Maurice
 14860 | D:8      | Found a runed translucent gate.
 14860 | D:8      | Found a runed translucent gate.
 14860 | D:8      | Found a runed translucent gate.
 14862 | D:8      | Noticed pedritolo's ghost (novice HuAE)
 15177 | D:8      | Hit by a large rock thrown by a cyclops

Levels and vault maps discovered:
D:1:      onia_arrival_zoo_common, layout_basic
D:2:      layout_rooms, grunt_temple_overflow_cloverleaf
D:3:      cheibrodos_fertilizer, layout_basic, nrook_mini_vaults,
          chequers_avenue, uniq_natasha, uniq_ijyb
D:4:      cheibrodos_old_hovel, layout_loops_cross,
          gammafunk_temple_overflow_arena, uniq_menkaure
D:5:      layout_loops_corners, nicolae_qazlal_style_of_elements,
          minmay_temple_entry_overgrown, first_ration, serial_shops, shop
D:6:      layout_basic, gammafunk_ghost_arena, uniq_eustachio, uniq_grinder
D:7:      layout_cave_pods, hangedman_abyss_or_decor_lesser_grid
D:8:      minmay_cornered_nines, layout_cave_pods, gammafunk_ghost_necromancy,
          chequers_garden, uniq_prince_ribbit1, uniq_maurice
Temple:   nicolae_temple_elliptical

Skill      XL: |  1  2  3  4  5  6  7  8  9 |
---------------+----------------------------+-----
Conjurations   | 1 2 4 5 7 |  7.0
Air Magic      | 3 4 5 6 7 |  7.5
Fighting       | 1 2 3 5 |  5.2
Spellcasting   | 4 5 7 |  7.3
Stealth        | 3 4 |  4.1
Dodging        | 3 |  3.9
Evocations     | 1 2 |  2.1

Action                   |  1- 3 |  4- 6 |  7- 9 || total
-------------------------+-------+-------+-------++-------
Melee: Unarmed           |    11 |     7 |    25 ||    43
       Bite              |     1 |       |     3 ||     4
 Cast: Shock             |    69 |   180 |   222 ||   471
       Airstrike         |       |     5 |    99 ||   104
       Lightning Bolt    |       |       |     1 ||     1
Evoke: Wand              |       |       |    12 ||    12
  Use: Scroll            |       |     9 |     5 ||    14
       Potion            |       |     2 |       ||     2
  Eat: Chunk             |    10 |    14 |    31 ||    55
Armor: Skin              |       |     4 |     3 ||     7
Dodge: Dodged            |    13 |    41 |   113 ||   167
